 Dungeon Crawl Stone Soup version 0.29-a0-451-gfbfa42419e (console) character file.

Game seed: 11073646381678763997

100 Faeu the Chopper (level 4, 0/61 HPs)
             Began as a Minotaur Berserker on May 19, 2022.
             Was a Believer of Trog.
             Slain by an iguana (1 damage)
             ... on level 3 of the Dungeon.
             The game lasted 00:01:29 (2938 turns).

Faeu the Chopper (Minotaur Berserker)               Turns: 2938, Time: 00:01:29

Health: 0/61       AC:  2    Str: 24    XL:     4   Next: 47%
Magic:  3/3        EV: 12    Int:  4    God:    Trog [**....]
Gold:   82         SH:  0    Dex:  9    Spells: 3/3 levels left

rFire   . . .      SeeInvis .   a - +0 hand axe
rCold   . . .      Faith    .   (no shield)
rNeg    . . .      Spirit   .   b - +0 animal skin
rPois   .          Reflect  .   (helmet restricted)
rElec   .          Harm     .   (no cloak)
rCorr   .          Rampage  .   (no gloves)
Will    .....                   (no boots)
Stlth   ..........              (no amulet)
HPRegen 0.20/turn               (no ring)
MPRegen 0.08/turn               (no ring)

@: berserking, very quick
A: horns 2, retaliatory headbutt
a: Renounce Religion, Berserk, Trog's Hand


You were on level 3 of the Dungeon.
You worshipped Trog.
Trog was pleased with you.
You visited 1 branch of the dungeon, and saw 3 of its levels.

You collected 82 gold pieces.

Inventory:

Hand Weapons
 a - a +0 hand axe (weapon)
Armour
 b - a +0 animal skin (worn)
Jewellery
 i - an amulet of reflection
Scrolls
 c - 3 scrolls of teleportation {unknown}
 d - 2 scrolls of noise {unknown}
 e - a scroll of amnesia {unknown}
 f - 2 scrolls of magic mapping {unknown}
 l - a scroll of blinking {unknown}
Potions
 g - 2 potions of mutation {unknown}
 h - a potion of heal wounds {unknown}
 j - a potion of haste {unknown}
 k - 2 potions of ambrosia {unknown}


   Skills:
 + Level 4.4 Fighting
 + Level 4.4 Axes
 + Level 3.5 Armour
 + Level 3.2 Dodging


You had 3 spell levels left.
You didn't know any spells.
Your spell library was empty.

Dungeon Overview and Level Annotations

Branches:
Dungeon (3/15)

Altars:


Innate Abilities, Weirdness & Mutations

You have a pair of horns on your head.
You reflexively headbutt those who attack you in melee.


Message History

The iguana hisses angrily.
The hobgoblin shouts!
There are monsters nearby!
The bat hits you but does no damage.
There are monsters nearby!
You hit the bat.
You kill the bat!
Trog accepts your kill.
There are monsters nearby!
There are monsters nearby!
You hit the iguana but do no damage. The iguana misses you.
There are monsters nearby!
You hit the iguana but do no damage. Your headbutt misses the iguana.
The iguana misses you.
There are monsters nearby!
You hit the iguana but do no damage. You headbutt the iguana.
The iguana is moderately wounded.
You hit the hobgoblin. The hobgoblin hits you. The iguana bites you.
There are monsters nearby!
You slash the hobgoblin!
You kill the hobgoblin!
Trog accepts your kill.
You hit the iguana. The iguana bites you! The dart slug launches a dart at you.
The slug dart hits you.
There are monsters nearby!
You hit the iguana but do no damage. You headbutt the iguana.
The iguana is heavily wounded.
The iguana bites you!
* * * LOW HITPOINT WARNING * * *
There are monsters nearby!
You are too injured to fight recklessly!
There are monsters nearby!
You are too injured to fight recklessly!
A red film seems to cover your vision as you go berserk!
You feel yourself moving faster!
You feel mighty! The iguana bites you!
* * * LOW HITPOINT WARNING * * *
You hit the iguana but do no damage.
The iguana is heavily wounded.
The iguana bites you.
You die...

.## #.# . #.#
#. ##.##
#.###...####
#..........#
#.!.%...<#
#..l@.w..#
#........#
..........#.#
.....#...##.#
........###.#
.....##.# #.#
..... .#. #w#
.#.# .# # .#


You could see an iguana and a dart slug.

Vanquished Creatures
  Robin (D:2)
  4 adders (D:2)
  2 worms (D:2)
  3 dart slugs (D:2)
  3 endoplasms
  8 goblins
  4 hobgoblins
  2 kobolds
  2 quokkas (D:2)
  3 ball pythons
  5 bats
  6 frilled lizards
  A giant cockroach (D:1)
  3 rats
47 creatures vanquished.

Vanquished Creatures (others)
  4 plants (D:1)
4 creatures vanquished.

Grand Total: 51 creatures vanquished

Notes
Turn   | Place    | Note
-------+----------+-------------------------------------------
     0 | D:1      | Faeu the Minotaur Berserker began the quest for the Orb.
     0 | D:1      | Reached XP level 1. HP: 19/19 MP: 0/0
   394 | D:1      | Found a faded altar of an unknown god.
   474 | D:1      | Reached XP level 2. HP: 26/27 MP: 1/1
  1388 | D:2      | Reached XP level 3. HP: 20/33 MP: 2/2
  1732 | D:2      | Reached ** piety under Trog
  1827 | D:2      | Noticed Robin
  1841 | D:2      | Killed Robin
  1842 | D:2      | Reached XP level 4. HP: 25/40 MP: 3/3
  2937 | D:3      | HP: 1/61 [iguana (12)]
  2938 | D:3      | Slain by an iguana

Illustrated notes

Levels and vault maps discovered:
D:1:      co_arrival_random_square_maze, layout_basic,
          shapermc_ecumenical_altar_pompeii, minmay_lizard_king
D:2:      layout_loops_corners, uniq_robin
D:3:      layout_loops_ring, chequers_jeans

Skill      XL: |  1  2  3 |
---------------+----------+-----
Fighting       | 4 |  4.4
Armour         | 3 |  3.5
Axes           | 4 |  4.4
Dodging        | 3 |  3.2

Action                   |  1- 3 |  4- 6 || total
-------------------------+-------+-------++-------
Melee: Hand axe          |    67 |    35 ||   102
       Headbutt          |    11 |     5 ||    16
       Punch             |     1 |       ||     1
Invok: Berserk           |     1 |     1 ||     2
Armor: Animal skin       |    11 |     3 ||    14
Dodge: Dodged            |    42 |    13 ||    55

Table legend: (Time is in decaauts)
 A = Elapsed time spent in this place.
 B = Non-inter-level travel time spent in this place.
 C = Inter-level travel time spent in this place.
 D = Time resting spent in this place.
 E = Time spent auto-exploring this place.
 F = Levels seen in this place.
 G = Mean time per level.
                   A        B        C        D        E       F      G
               +--------+--------+--------+--------+--------+-----+--------+
         Total |   2959 |   2908 |     51 |    170 |   2470 |   3 |  986.3 |
       Dungeon |   2959 |   2908 |     51 |    170 |   2470 |   3 |  986.3 |
               +--------+--------+--------+--------+--------+-----+--------+

Top non-repeatable levels by time:
     D:2: 1745 daAuts
     D:1: 1200 daAuts
     D:3: 13 daAuts
